AoeStats
← Max

Arena

510104845Analyzed
4v4 RM · 4d ago on Sep 29, 2026· 42m 55s· 8 players
Game mode
Random Map
Map size
Large (8 player)
Population
200
Speed
Normal
Resources
Standard
Victory
Conquest
Starting age
Dark Age
Ending age
Imperial Age
RankedLock teamsTeams togetherTeam positionsShared explorationLock speedFull tech treeHidden civsTurbo modeCheats
Victory
Defeat
🇨🇳 Huns · China
1121
+10
🇨🇳 Danes · China
1049
+12
🇳🇱 Bohemians · Netherlands
1015
+14
🇲🇽 Celts · Mexico
978
+15
🇦🇷 Shu · Argentina
1035
-16
🇦🇷 Huns · Argentina
978
-13
🇦🇷 Franks · Argentina
926
-11
🇦🇷 Khmer · Argentina
919
-11
Max
12:50 Feudal Age
11:07 Loom
14:01 Horse Collar
18:03 Castle Age
16:18 Double-Bit Axe
19:33 Bow Saw
19:34 Heavy Plow
29:18 Imperial Age
27:40 Wheelbarrow
28:47 Hand Cart
30:06 Squires
29:28 Pikeman
30:13 Scale Mail Armor
30:23 Forging
30:37 Conscription
30:41 Halberdier
31:42 Chain Mail Armor
32:32 Iron Casting
34:01 Chemistry
33:53 Caravan
34:23 Ballistics
36:53 Blast Furnace
36:25 Plate Mail Armor
35:46 Fletching
36:24 Siege Engineers
37:30 Houfnice
39:56 Two-Man Saw
41:07 Bodkin Arrow
MiloJ
0:28 Loom
10:55 Feudal Age
17:29 Castle Age
18:28 Wheelbarrow
17:48 Horse Collar
17:54 Double-Bit Axe
18:47 Bow Saw
18:38 Heavy Plow
20:28 Hand Cart
22:56 Gold Mining
24:52 Gambesons
24:52 Arson
24:28 Pikeman
29:13 Stone Mining
31:59 Imperial Age
29:38 Town Watch
30:25 Forging
31:02 Gold Shaft Mining
31:05 Town Patrol
31:46 Stone Shaft Mining
31:18 Scale Mail Armor
32:14 Halberdier
33:30 Iron Casting
33:10 Chain Mail Armor
33:51 Ballistics
35:23 Blast Furnace
34:58 Conscription
34:51 Furor Celtica
34:33 Stronghold
36:20 Plate Mail Armor
36:02 Capped Ram
37:33 Siege Engineers
36:59 Siege Ram
39:07 Husbandry
38:28 Light Cavalry
38:48 Elite Woad Raider
40:36 Fortified Wall
42:09 Spies/Treason
rh90o5cjnqg4
0:29 Loom
11:14 Feudal Age
16:10 Castle Age
15:02 Double-Bit Axe
15:08 Horse Collar
25:06 Bow Saw
25:01 Heavy Plow
30:52 Imperial Age
29:05 Elite Skirmisher
29:52 Thumb Ring
30:05 Fletching
30:16 Padded Archer Armor
35:16 Forging
35:03 Bodkin Arrow
35:24 Leather Archer Armor
36:49 Elite Varangian Guard
37:30 Squires
37:16 Arson
37:17 Gambesons
38:21 Bracer
38:52 Ring Archer Armor
38:58 Iron Casting
38:24 Scale Mail Armor
38:21 Heavy Scorpion
40:40 Wheelbarrow
44:32 Blast Furnace
43:47 Chain Mail Armor
波波菜FV
2:15 Loom
11:10 Feudal Age
13:24 Double-Bit Axe
13:24 Horse Collar
16:33 Castle Age
14:31 Gold Mining
17:35 Bow Saw
17:45 Heavy Plow
18:34 Stone Mining
29:16 Imperial Age
27:34 Gold Shaft Mining
27:41 Wheelbarrow
28:07 Forging
28:03 Scale Barding Armor
28:41 Hand Cart
30:04 Iron Casting
29:35 Husbandry
29:47 Bloodlines
30:04 Chain Barding Armor
31:11 Two-Man Saw
29:33 Cavalier
31:58 Blast Furnace
30:40 Paladin
34:00 Plate Barding Armor
35:09 Scale Mail Armor
34:33 Pikeman
35:13 Squires
34:59 Arson
36:31 Chain Mail Armor
36:16 Padded Archer Armor
36:07 Fletching
35:44 Halberdier
36:09 Arson
38:55 Bodkin Arrow
39:15 Leather Archer Armor
39:59 Bracer
40:27 Light Cavalry
42:35 Hussar
matso
11:08 Feudal Age
14:46 Castle Age
12:42 Double-Bit Axe
12:37 Horse Collar
16:55 Bow Saw
19:40 Wheelbarrow
21:28 Hand Cart
23:21 Heavy Plow
23:15 Gold Mining
23:22 Stone Mining
23:15 Crossbowman
24:44 Fletching
25:47 Padded Archer Armor
25:54 Thumb Ring
26:43 Ballistics
26:41 Bodkin Arrow
28:21 Leather Archer Armor
31:51 Imperial Age
31:31 Pikeman
32:22 Forging
32:13 Scale Mail Armor
32:15 Gambesons
31:55 Arbalester
32:36 Bracer
33:44 Conscription
33:33 Bolt Magazine
34:28 Ring Archer Armor
35:30 Chain Mail Armor
36:20 Chemistry
37:17 Plate Mail Armor
36:44 Halberdier
LichaLo
5:08 Loom
12:51 Feudal Age
17:18 Castle Age
15:29 Double-Bit Axe
15:36 Gold Mining
16:59 Horse Collar
17:48 Scale Barding Armor
17:58 Forging
18:39 Husbandry
20:47 Bow Saw
25:16 Chain Barding Armor
25:33 Iron Casting
26:14 Wheelbarrow
27:37 Bloodlines
28:06 Heavy Plow
33:07 Imperial Age
30:16 Pikeman
31:10 Scale Mail Armor
32:28 Gold Shaft Mining
32:34 Tusk Swords
35:10 Elite Battle Elephant
granada3660
10:17 Feudal Age
11:04 Double-Bit Axe
15:36 Castle Age
13:23 Horse Collar
16:33 Bow Saw
16:59 Gold Mining
21:31 Stone Mining
23:09 Wheelbarrow
23:27 Heavy Plow
24:25 Gold Shaft Mining
25:06 Hand Cart
25:34 Forging
26:08 Caravan
26:46 Town Watch
27:16 Marauders
27:30 Bloodlines
27:22 Husbandry
27:58 Scale Barding Armor
28:29 Iron Casting
28:42 Town Patrol
29:06 Fervor
32:15 Imperial Age
31:32 Chain Barding Armor
31:57 Murder Holes
32:33 Ballistics
32:56 Elite Tarkan
33:58 Conscription
35:54 Blast Furnace
36:43 Plate Barding Armor
37:52 Pikeman
38:34 Squires
38:41 Halberdier
Hobo
11:04 Loom
13:18 Feudal Age
15:02 Double-Bit Axe
15:14 Gold Mining
16:05 Scale Barding Armor
19:41 Castle Age
18:49 Stone Mining
19:05 Scale Mail Armor
21:14 Bow Saw
21:42 Gold Shaft Mining
21:26 Chain Mail Armor
23:59 Forging
24:49 Wheelbarrow
24:04 Pikeman
26:56 Chain Barding Armor
28:31 Iron Casting
30:31 Squires
35:07 Imperial Age
36:50 Plate Barding Armor
36:47 Plate Mail Armor
37:31 Hand Cart
38:15 Halberdier
Connection lost

Rejoining the realm…

Still unreachable

The connection could not be restored.

Session expired

The server has moved on; the page needs a fresh start.